 Dungeon Crawl Stone Soup version 0.22-a0-247-gbddf880757 (webtiles) character file.

174 RedPan the Slasher (level 5, -6/41 HPs)
             Began as a Demonspawn Monk on Feb 24, 2018.
             Was a Priest of Cheibriados.
             Mangled by an orc warrior
             ... wielding a +0 hand axe
              (11 damage)
             ... on level 3 of the Dungeon.
             The game lasted 00:05:10 (2560 turns).

RedPan the Slasher (Demonspawn Monk)                Turns: 2560, Time: 00:05:10

Health: -6/41      AC: 11    Str: 23    XL:     5   Next: 28%
Magic:  5/5        EV:  7    Int: 18    God:    Cheibriados [***...]
Gold:   105        SH: 11    Dex: 21    Spells: 4/4 levels left

rFire    + . .     SeeInvis .   a - +0 falchion
rCold    + + .     Gourm    .   p - +0 shield {AC+3}
rNeg     + . .     Faith    .   j - +0 chain mail
rPois    .         Spirit   .   (no helmet)
rElec    .         Reflect  +   o - scarf {rC+ rF+}
rCorr    .         Harm     .   (no gloves)
MR       .....                  (no boots)
Stlth    ..........             i - +2 amulet of reflection
HPRegen  0.13/turn              n - ring of positive energy
MPRegen  0.09/turn              (no ring)

@: mighty, very slow
A: talons 2, cold resistance 1
a: Bend Time, Temporal Distortion, Renounce Religion


You were on level 3 of the Dungeon.
You worshipped Cheibriados.
Cheibriados was most pleased with you.
You were not hungry.

You visited 1 branch of the dungeon, and saw 3 of its levels.

You collected 105 gold pieces.

Inventory:

Hand Weapons
 a - a +0 falchion (weapon)
Armour
 j - a +0 chain mail (worn)
 o - a scarf of resistance (worn)
 p - a +0 shield of protection (worn)
Jewellery
 h - an uncursed ring of ice
 i - a +2 amulet of reflection (around neck)
 n - a ring of positive energy (left hand)
Wands
 q - a wand of iceblast (10)
Scrolls
 b - a scroll of amnesia {unknown}
 d - 4 scrolls of identify {unknown}
 e - 2 scrolls of magic mapping {unknown}
Potions
 f - a potion of might
 g - 2 potions of heal wounds {unknown}
 k - a potion of cancellation {unknown}
 l - a potion of lignification {unknown}
 m - a potion of haste {unknown}
 s - a potion of berserk rage {unknown}
 t - 2 potions of curing {unknown}
Comestibles
 c - 5 rations
 r - 4 chunks of flesh


   Skills:
 - Level 3.0 Fighting
 * Level 4.4 Long Blades
 + Level 1.6 Armour
 - Level 3.2 Dodging
 - Level 1.7 Stealth
 + Level 1.3 Shields


You had 4 spell levels left.
You didn't know any spells.

Dungeon Overview and Level Annotations

Branches:
Dungeon (3/15)

Altars:
Cheibriados
Nemelex Xobeh
Xom


Innate Abilities, Weirdness & Mutations

You have razor-sharp toenails.
Your flesh is cold resistant. (rC+)


Message History

The orc wizard casts a spell.
The orc wizard blinks!
You hit the orc warrior but do no damage.
You claw the orc warrior.
The orc warrior is lightly wounded.
The orc warrior hits you with a hand axe!
You closely miss the orc warrior.
The orc warrior is lightly wounded.
The orc warrior hits you with a hand axe!
The orc wizard gestures wildly while chanting.
The orc wizard blinks!
The orc warrior hits you with a hand axe!!
* * * LOW HITPOINT WARNING * * *
Okay, then.
It was a potion of might.
You feel very mighty all of a sudden.
You hit the orc warrior. You claw the orc warrior!
The orc warrior is heavily wounded.
The orc warrior hits you with a hand axe!
You die...

......#.....#
#.<##.####...##.##
......#.....# #..##.#
##..##.#
......#.....#
#.....#####..##'##
......#.....#
#.####............
......#.....# #.#
#...†........
^....##.....# #.#
#............
....<.....### #.#
#####....#...
..........# #.#
#.#..#... ..........#
#@# #.#..#..)
..........# #o#
#.##.#... .....######
.o[ ..###..#...
..#### .....
.........).. ..#
.o..... .......#.(..
..#
#.####.......#.....#'
.. .......#....>.. ..
............##.
.....##..##.


You could see an orc warrior, an orc wizard and an orc.

Vanquished Creatures
  Jessica (D:3)
  Ijyb (D:3)
  5 adders
  A dart slug (D:3)
  3 leopard geckos
  An orc (D:3)
  8 bats
  4 giant cockroaches (D:1)
  11 goblins
  7 hobgoblins
  10 jackals
  2 quokkas
  2 ball pythons (D:3)
  3 frilled lizards
  4 kobolds
  6 rats
69 creatures vanquished.

Notes
Turn   | Place    | Note
-------+----------+-------------------------------------------
     0 | D:1      | RedPan the Demonspawn Monk began the quest for the Orb.
     0 | D:1      | Reached XP level 1. HP: 18/18 MP: 1/1
   175 | D:1      | Reached skill level 3 in Long Blades
   202 | D:1      | Gained mutation: You have sharp toenails. [demonic ancestry]
   202 | D:1      | Reached XP level 2. HP: 21/24 MP: 2/2
   974 | D:1      | Reached XP level 3. HP: 29/29 MP: 3/3
  1681 | D:2      | Found a shimmering altar of Xom.
  1681 | D:2      | Found a snail-covered altar of Cheibriados.
  1782 | D:2      | Became a worshipper of Cheibriados the Contemplative
  1782 | D:2      | Reached * piety under Cheibriados
  1782 | D:2      | Reached ** piety under Cheibriados
  1932 | D:2      | Found a sparkling altar of Nemelex Xobeh.
  2194 | D:3      | Gained mutation: You have razor-sharp toenails. [demonic ancestry]
  2194 | D:3      | Reached XP level 4. HP: 34/35 MP: 4/4
  2217 | D:3      | Reached skill level 1 in Armour
  2230 | D:3      | Reached skill level 4 in Long Blades
  2282 | D:3      | Noticed Ijyb
  2299 | D:3      | Killed Ijyb
  2347 | D:3      | Noticed Jessica
  2365 | D:3      | Killed Jessica
  2365 | D:3      | Reached skill level 1 in Shields
  2365 | D:3      | Gained mutation: Your flesh is cold resistant. (rC+) [demonic ancestry]
  2365 | D:3      | Reached XP level 5. HP: 33/41 MP: 5/5
  2409 | D:3      | Reached *** piety under Cheibriados
  2551 | D:3      | Noticed an orc warrior
  2560 | D:3      | Mangled by an orc warrior

Vault maps used:
D:1:      sevenhm_arrival_forest_fort_small_5
D:2:      gammafunk_temple_overflow_statue, lemuel_doored_altar, first_ration,
          minmay_close_crescents
D:3:      old_standard_altar, uniq_ijyb, uniq_jessica

Skill      XL: |  1  2  3  4 |
---------------+-------------+-----
Long Blades    | 3 4 |  4.4
Dodging        | 3 |  3.2
Armour         | 1 |  1.6
Shields        | 1 |  1.3
Fighting       | |  3.0
Stealth        | |  1.7

Action                   |  1- 3 |  4- 6 || total
-------------------------+-------+-------++-------
Melee: Falchion          |   137 |    73 ||   210
       Kick              |    29 |    32 ||    61
  Use: Potion            |       |     1 ||     1
 Stab: Sleeping          |     2 |       ||     2
  Eat: Chunk             |     3 |     1 ||     4
Armor: Robe              |     7 |       ||     7
       Chain mail        |    76 |    38 ||   114
Dodge: Dodged            |    61 |    13 ||    74
Block: Other             |    12 |       ||    12
       Shield            |     3 |    41 ||    44
       Rpst.: Falchion   |    12 |     5 ||    17

Table legend:
 A = Spawn XP
 B = Non-spawn XP
 C = Spawn XP percentage of total XP
 D = Spawn monster count
 E = Non-spawn monster count
 F = Spawn count percentage of total count
 G = Total turns spent on level
                    A         B        C        D         E        F      G
               +---------+---------+-------+---------+---------+-------+---------
         Total |       0 |     249 |   0.0 |       0 |      69 |   0.0 |  2560
               +---------+---------+-------+---------+---------+-------+---------
           D:1 |       0 |      47 |   0.0 |       0 |      27 |   0.0 |  1174
           D:2 |       0 |      40 |   0.0 |       0 |      17 |   0.0 |   999
           D:3 |       0 |     162 |   0.0 |       0 |      25 |   0.0 |   387
               +---------+---------+-------+---------+---------+-------+---------
